 Dungeon Crawl Stone Soup version 0.19.0-2-gae57169 (webtiles) character file.

175 JeffiDaFish the Shield-Bearer (level 5, -2/33 HPs)
             Began as a Gargoyle Fighter on Nov 7, 2016.
             Slain by Duvessa
             ... wielding a +2 short sword of draining
              (5 damage)
             ... on level 4 of the Dungeon.
             The game lasted 00:07:33 (2018 turns).

JeffiDaFish the Shield-Bearer (Gargoyle Fighter)    Turns: 2018, Time: 00:07:34

Health: -2/33      AC: 11    Str: 20    XL:     5   Next: 55%
Magic:  5/5        EV:  7    Int:  9    God:
Gold:   166        SH:  9    Dex:  9    Spells: 0 memorised, 4 levels left

rFire  + . .     SeeInvis .     k - +0 morningstar
rCold  x . .     Gourm    .     b - +0 scale mail
rNeg   + . .     Faith    .     c - +0 shield
rPois  ∞         Spirit   .     (no helmet)
rElec  +         Reflect  .     (no cloak)
rCorr  .         Harm     .     (no gloves)
MR     .....                    (no boots)
Stlth  ..........               (no amulet)
                                (no ring)
                                i - ring of fire

@: no status effects
A: negative energy resistance 1, electricity resistance, unbreathing,
petrification resistance, rot immunity, AC +4
a: no special abilities


You were on level 4 of the Dungeon.
You were not hungry.

You visited 1 branch of the dungeon, and saw 4 of its levels.

You collected 166 gold pieces.

Inventory:

Hand Weapons
 k - a +0 morningstar (weapon)
Armour
 b - a +0 scale mail (worn)
 c - a +0 shield (worn)
Jewellery
 i - a ring of fire (left hand)
Scrolls
 e - 2 scrolls of remove curse
 j - 3 scrolls of identify
Potions
 d - a potion of might
Comestibles
 f - a bread ration
 g - 2 chunks of flesh
 h - 2 meat rations


   Skills:
 + Level 3.8 Fighting
 + Level 3.4 Maces & Flails
 + Level 4.3 Armour
 + Level 0.5 Dodging
 + Level 4.4 Shields


You had 4 spell levels left.
You didn't know any spells.

Dungeon Overview and Level Annotations

Branches:
Dungeon (4/15)
 Temple: D:4-7

Altars:
Fedhas
Okawaru

Annotations:
D:4 Dowan, Duvessa


Innate Abilities, Weirdness & Mutations

You are resistant to torment.
Your stone body is resilient. (AC +4)
You are immune to poison.
You resist negative energy. (rN+)
You are resistant to electric shocks. (rElec)
You can survive without breathing.
You are immune to petrification.
You are immune to rotting.


Message History

Duvessa is heavily wounded.
You block Duvessa's attack.
Duvessa hits you with a short sword of draining.
You hit Duvessa.
Duvessa is severely wounded.
Duvessa hits you with a short sword of draining.
You closely miss Duvessa.
Duvessa is severely wounded.
A sky beast appears from thin air!
Reactivating autopickup.
Duvessa hits you with a short sword of draining.
You block Duvessa's attack.
You barely miss Duvessa.
Duvessa is severely wounded.
Duvessa hits you with a short sword of draining!
* * * LOW HITPOINT WARNING * * *
You hit Duvessa.
Duvessa is severely wounded.
Duvessa hits you with a short sword of draining.
You die...

#.###.# ##>....# ###......#
#....###.# #.#.##...#
#######.#....#.#
#.....#.######..
#######.#..........#..
#oZYe@..#.#.#.####.#.# #
#####.#######.#.#....#.#.[ #.
#>....o..........<........
#.###..e......................
#....oo.#.###..##.#......#....
###...###.# ........[##.##.#.
. #.oo# #.# ####....#.....#.
...###...###.# #....#.....#.
........Z...(# ......##.#....


You could see Duvessa, a sky beast, an orc and a hound skeleton.

Vanquished Creatures
  A hound (D:4)
  An orc wizard (D:3)
  An orc priest (D:3)
  3 adders
  2 oozes
  A dart slug (D:2)
  2 leopard geckos (D:3)
  3 orcs (D:3)
  4 giant cockroaches
  9 goblins
  6 hobgoblins
  A quokka (D:3)
  5 bats
  2 frilled lizards
  3 kobolds
  2 rats
46 creatures vanquished.

Notes
Turn   | Place    | Note
-------+----------+-------------------------------------------
     0 | D:1      | JeffiDaFish the Gargoyle Fighter began the quest for the Orb.
     0 | D:1      | Reached XP level 1. HP: 14/14 MP: 1/1
     4 | D:1      | Noticed an anaconda
     7 | D:1      | Noticed an eight-headed hydra
    55 | D:1      | Reached XP level 2. HP: 16/19 MP: 2/2
   470 | D:2      | Reached XP level 3. HP: 19/23 MP: 3/3
  1059 | D:3      | Reached XP level 4. HP: 18/29 MP: 4/4
  1224 | D:3      | Found a faded altar of an unknown god.
  1273 | D:3      | Reached XP level 5. HP: 31/33 MP: 5/5
  1386 | D:3      | Found a blossoming altar of Fedhas.
  1387 | D:3      | Found an iron altar of Okawaru.
  1985 | D:4      | Noticed Duvessa
  1985 | D:4      | Noticed Dowan
  1985 | D:4      | Noticed a sky beast
  2018 | D:4      | Slain by Duvessa

Skill      XL: |  1  2  3  4 |
---------------+-------------+-----
Shields        | 4 |  4.4
Maces & Flails | 3 |  3.4
Armour         | 4 |  4.3
Fighting       | |  3.8
Dodging        | |  0.5

Action                   |  1- 3 |  4- 6 || total
-------------------------+-------+-------++-------
Melee: Flail             |    98 |   118 ||   216
       Morningstar       |       |    19 ||    19
  Use: Scroll            |     4 |     3 ||     7
       Potion            |     4 |     1 ||     5
  Eat: Chunk             |     1 |     3 ||     4
Armor: Scale mail        |    57 |    82 ||   139
Dodge: Dodged            |    19 |    37 ||    56
Block: Shield            |    47 |    82 ||   129
